Map: Misty Swamp

Players

clark

  • Race: Protoss Protoss
  • Spawn Location: 12:00

MegaBlaster

  • Race: Protoss Protoss
  • Spawn Location: 9:00

JonesPolastr

  • Race: Terran Terran
  • Spawn Location: 9:00

OscarBarrera - Winner!

  • Race: Terran Terran
  • League: Gold
  • Spawn Location: 12:00

Xingon - Winner!

  • Race: Zerg Zerg
  • Spawn Location: 3:00

Metasapien - Winner!

  • Race: Zerg Zerg
  • League: Platinum
  • Spawn Location: 3:00

VOD

Have the link to the VOD?

Description

Time

  • Played on: Sept. 17, 2017, 5:40 p.m.
  • Length: 14:16
Show
View Real Time Build Order
Export as new Build Order

clark Protoss 

Build Orders:  

Get SALT Encoding   

  12  0:08  Probe (Chrono Boost)  
  13  0:24  Pylon  
  13  0:30  Probe (Chrono Boost), Assimilator  
  14  0:40  Probe (Chrono Boost)  
  15  0:51  Probe (Chrono Boost)  
  16  0:58  Gateway  
  16  1:01  Probe (Chrono Boost)  
  17  1:12  Probe (Chrono Boost)  
  18  1:22  Probe (Chrono Boost)  
  19  1:26  Assimilator  
  19  1:32  Pylon  
  19  1:33  Probe (Chrono Boost)  
  20  1:44  Probe (Chrono Boost)  
  20  1:46  Cybernetics Core  
  21  1:54  Probe (Chrono Boost)  
  21  2:00  Pylon  
  21  2:07  Pylon  
  21  2:14  Probe (Chrono Boost)  
  22  2:23  Forge  
  22  2:25  Probe (Chrono Boost)  
  23  2:36  Probe (Chrono Boost)  
  24  2:46  Mothership Core (Chrono Boost)  
  24  2:47  Pylon  
  24  2:50  Stargate  
  26  2:59  Photon Cannon  
  26  3:09  Photon Cannon  
  26  3:25  Pylon  
  26  3:30  Photon Cannon  
  26  3:39  Stargate  
  26  3:51  Stargate  
  26  3:54  Protoss Air Weapons Level 1 (Chrono Boost)  
  26  4:05  Void Ray  
  30  4:23  Void Ray  
  34  4:53  Nexus  
  34  5:01  Assimilator  
  34  5:08  Assimilator  
  34  5:11  Void Ray  
  38  5:15  Probe  
  39  5:27  Probe  
  40  5:39  Probe  
  41  5:51  Probe  
  42  6:03  Probe x2  
  44  6:14  Probe  
  44  6:15  Probe  
  44  6:16  Protoss Shields Level 1 (Chrono Boost)  
  46  6:21  Void Ray  
  46  6:25  Probe  
  51  6:35  Probe  
  51  6:36  Void Ray  
  56  6:46  Probe  
  56  6:50  Protoss Air Armor Level 1  
  57  6:56  Probe  
  58  7:02  Probe  
  58  7:04  Void Ray  
  58  7:07  Probe  
  63  7:15  Pylon  
  64  7:17  Probe  
  65  7:28  Probe  
  66  7:32  Nexus  
  66  7:34  Assimilator  
  66  7:40  Pylon  
  66  7:43  Assimilator  
  53  8:08  Void Ray  
  53  8:09  Void Ray x2  
  56  8:51  Void Ray x2  
  57  9:05  Probe  
  58  9:17  Probe  
  59  9:29  Probe  
  60  9:41  Probe, Photon Cannon  
  60  9:44  Photon Cannon  
  61  9:48  Photon Cannon  
  61  10:05  Probe  
  62  10:15  Probe  
  62  10:17  Probe  
  64  10:26  Probe  
  64  10:27  Void Ray  
  69  10:29  Probe  
  70  10:36  Probe  
  70  10:41  Probe  
  72  10:44  Probe  
  72  10:47  Probe  
  70  10:53  Probe  
  70  10:55  Probe  
  70  11:05  Probe x2  
  72  11:14  Void Ray x2  
  72  11:16  Probe  
  74  11:26  Probe  
  61  11:40  Void Ray  
  33  12:15  Probe  
  30  12:26  Probe  
  30  12:27  Probe  
  32  12:36  Probe  
  28  12:37  Probe  
  27  12:47  Probe  
  27  12:48  Probe  
  29  12:54  Void Ray  
  29  12:57  Probe  
  32  13:08  Probe  
  33  13:18  Probe  
  38  13:57  Pylon  
  38  13:59  Pylon  
  38  14:01  Pylon  
  38  14:02  Pylon  
  38  14:05  Pylon  
Show
View Real Time Build Order
Export as new Build Order

MegaBlaster Protoss 

Build Orders:  

Get SALT Encoding   

  12  0:01  Probe (Chrono Boost)  
  13  0:12  Probe (Chrono Boost)  
  14  0:19  Pylon  
  14  0:24  Probe (Chrono Boost)  
  15  0:40  Gateway  
  15  0:42  Probe (Chrono Boost)  
  16  0:52  Gateway  
  16  0:56  Probe (Chrono Boost)  
  17  1:01  Assimilator  
  17  1:06  Probe (Chrono Boost)  
  18  1:17  Probe (Chrono Boost)  
  19  1:22  Gateway  
  19  1:27  Probe (Chrono Boost)  
  19  1:31  Cybernetics Core  
  20  1:40  Pylon  
  20  1:42  Probe (Chrono Boost)  
  21  1:47  Assimilator  
  21  2:00  Probe (Chrono Boost)  
  22  2:05  Gateway  
  22  2:09  Warp Gate  
  22  2:11  Probe (Chrono Boost)  
  22  2:14  Stalker  
  25  2:29  Stalker  
  27  2:39  Pylon  
  27  2:43  Stalker  
  29  2:44  Stalker  
  31  2:57  Probe (Chrono Boost), Stalker  
  27  3:05  Stalker  
  36  3:17  Forge  
  36  3:25  Pylon  
  36  3:33  Stalker  
  38  3:43  Stalker  
  40  3:48  Stalker  
  40  3:53  Stalker  
  44  4:01  Pylon  
  44  4:29  Nexus  
  44  4:41  Photon Cannon  
  44  4:57  Protoss Ground Weapons Level 1 (Chrono Boost)  
  44  5:05  Photon Cannon  
  44  5:16  Probe (Chrono Boost)  
  47  5:23  Photon Cannon  
  45  5:37  Stalker x2  
  45  5:38  Stalker  
  45  5:39  Stalker  
  45  5:42  Probe  
  54  5:53  Pylon  
  54  6:01  Probe  
  55  6:11  Pylon  
  55  6:12  Probe  
  55  6:21  Stalker  
  55  6:22  Probe, Stalker  
  60  6:33  Probe  
  60  6:36  Probe  
  62  6:41  Protoss Ground Armor Level 1 (Chrono Boost)  
  62  6:43  Probe  
  62  6:46  Photon Cannon  
  63  6:48  Probe  
  64  6:54  Probe  
  64  6:55  Stalker  
  64  7:00  Stalker  
  69  7:05  Stalker  
  71  7:11  Stalker  
  73  7:41  Stalker  
  73  7:42  Stalker x3  
  77  8:12  Stalker x2  
  77  8:13  Stalker x2  
  81  8:32  Probe  
  82  8:37  Stalker x2  
  86  8:45  Probe  
  81  8:55  Probe  
  81  9:00  Stalker x2  
  86  9:07  Pylon x2  
  86  9:10  Pylon  
  86  9:13  Pylon  
  86  9:17  Pylon  
  86  9:26  Stalker  
  86  9:27  Stalker  
  86  9:29  Stalker  
  92  9:36  Stalker  
  84  9:53  Probe  
  65  10:04  Probe  
  60  10:14  Probe  
  60  10:18  Zealot x3  
  60  10:19  Zealot  
  59  10:25  Probe  
  59  10:27  Assimilator  
  60  10:32  Assimilator  
  60  10:34  Twilight Council  
  60  10:35  Probe  
  61  10:51  Stalker  
  61  10:52  Stalker x3  
  69  11:10  Pylon  
  69  11:15  Pylon  
  69  11:16  Pylon  
  59  11:18  Probe  
  59  11:21  Charge  
  54  11:29  Probe, Photon Cannon  
  54  11:32  Photon Cannon  
  55  11:34  Photon Cannon  
  55  11:36  Photon Cannon  
  55  11:39  Probe  
  53  11:42  Stalker  
  53  11:43  Stalker  
  53  11:44  Stalker  
  53  11:45  Stalker  
  57  11:50  Probe  
  58  11:56  Probe  
  58  12:00  Probe  
  57  12:07  Zealot x2  
  57  12:08  Zealot x2  
  62  12:11  Probe  
  53  12:29  Stalker  
  55  12:30  Stalker x3  
  61  12:58  Gateway  
  61  13:01  Gateway  
  61  13:03  Gateway  
  61  13:05  Gateway  
  61  13:07  Gateway  
  61  13:10  Gateway  
  61  13:14  Stalker  
  61  13:15  Stalker  
Show
View Real Time Build Order
Export as new Build Order

JonesPolastr Terran 

Build Orders: Mech 

Get SALT Encoding   

  12  0:03  SCV  
  13  0:15  Supply Depot  
  13  0:17  SCV  
  14  0:29  SCV  
  15  0:40  Barracks  
  15  0:42  SCV  
  16  0:54  SCV  
  17  1:02  Refinery  
  17  1:03  Refinery  
  17  1:06  SCV  
  18  1:18  SCV  
  19  1:30  SCV  
  20  1:38  Supply Depot  
  20  1:42  SCV  
  21  1:51  Barracks Tech Lab, Factory  
  21  1:59  Orbital Command  
  21  2:01  Supply Depot  
  21  2:24  Barracks Reactor  
  21  2:33  Factory  
  21  2:36  SCV  
  22  2:48  SCV  
  22  2:50  Starport  
  23  2:59  Siege Tank  
  26  3:14  SCV  
  26  3:17  Barracks Tech Lab  
  27  3:42  Siege Tank  
  27  3:44  Command Center  
  30  4:06  Barracks Reactor  
  30  4:08  Armory, SCV  
  31  4:17  Hellion x2  
  31  4:20  SCV  
  31  4:23  Siege Tank  
  39  4:40  Refinery  
  39  4:44  Supply Depot  
  39  4:45  Refinery  
  39  4:49  Cloaking Field  
  39  5:05  SCV  
  39  5:06  SCV  
  41  5:17  Banshee  
  41  5:18  SCV x2  
  46  5:25  Terran Vehicle Weapons Level 1  
  46  5:30  SCV x2  
  48  5:42  SCV x2  
  50  5:48  Hellbat  
  52  5:54  SCV x2  
  54  6:06  Orbital Command  
  54  6:09  Siege Tank  
  57  6:26  Starport  
  57  6:31  Hellbat x2  
  61  6:41  Siege Tank  
  61  6:44  Viking  
  66  7:01  Starport  
  66  7:02  SCV  
  66  7:03  Factory, SCV  
  68  7:15  Command Center, SCV x2  
  70  7:20  Armory  
  70  7:25  Command Center  
  70  7:34  Supply Depot  
  70  7:36  Supply Depot  
  70  7:38  SCV  
  70  7:39  Supply Depot x2  
  70  7:41  Starport Reactor  
  71  7:59  Factory Tech Lab  
  71  8:00  Supply Depot  
  71  8:27  Thor x2  
  71  8:29  Hellion x2  
  87  8:34  Engineering Bay  
  87  8:37  Viking x3  
  93  8:50  Hellion  
  91  9:07  Viking  
  89  9:35  Missile Turret x3  
  89  9:36  Missile Turret  
  89  9:38  Missile Turret  
  89  9:43  Missile Turret  
  89  9:45  Missile Turret x2  
  89  9:46  Missile Turret  
  89  9:50  Missile Turret  
  89  9:54  Thor  
  89  9:55  Thor  
  100  10:04  SCV x3  
  103  10:10  Terran Vehicle Weapons Level 2  
  103  10:11  Terran Vehicle And Ship Armor Level 1  
  103  10:16  SCV x4  
  107  10:27  Missile Turret  
  107  10:28  SCV x4  
  110  10:31  Viking  
  110  10:32  Missile Turret  
  113  10:40  SCV x2  
  115  10:55  Thor x2  
  125  11:12  SCV x3  
  129  11:24  SCV x3  
  117  11:36  SCV  
  101  12:01  Thor x2  
  101  12:04  Viking x2  
  89  13:14  Refinery  
  89  13:16  Refinery  
Show
View Real Time Build Order
Export as new Build Order

OscarBarrera Terran - Winner!

Build Orders: Mech 

Get SALT Encoding   

  12  0:08  SCV  
  13  0:20  SCV  
  14  0:32  SCV  
  15  0:41  Supply Depot  
  15  1:03  SCV  
  16  1:05  Refinery  
  16  1:06  Barracks  
  16  1:10  Barracks  
  16  1:15  SCV  
  17  1:27  SCV  
  18  1:35  Refinery  
  18  1:39  SCV  
  19  1:51  SCV  
  20  1:54  Supply Depot  
  20  1:58  Supply Depot  
  20  2:00  Marine  
  21  2:03  SCV  
  22  2:15  SCV  
  22  2:19  Factory  
  23  2:24  Marine  
  23  2:28  SCV  
  25  2:36  Marine  
  26  2:42  Marine  
  27  2:57  Marine  
  28  3:00  Orbital Command, Marine  
  28  3:04  Supply Depot  
  29  3:12  Engineering Bay  
  29  3:14  Factory Reactor  
  29  3:24  Marine  
  29  3:25  Marine  
  31  3:53  Command Center  
  31  3:54  Missile Turret  
  31  3:55  SCV  
  32  4:12  SCV  
  33  4:17  Cyclone x2  
  33  4:20  Marine x2  
  41  4:39  SCV  
  41  4:43  Marine  
  41  4:45  Marine  
  44  4:49  Cyclone  
  47  5:04  SCV, Cyclone  
  51  5:07  Supply Depot  
  51  5:08  Supply Depot  
  51  5:16  SCV, Marine x2  
  54  5:21  Orbital Command  
  54  5:28  SCV  
  55  5:38  Missile Turret  
  55  5:52  Refinery x2  
  55  6:17  Factory  
  55  6:19  Factory, Starport  
  55  6:20  Starport  
  55  6:31  SCV x2  
  55  6:32  Factory Tech Lab  
  57  6:43  SCV x2  
  59  6:55  SCV x2  
  59  7:00  Starport Tech Lab x2  
  61  7:07  SCV  
  62  7:13  Factory Tech Lab x2  
  62  7:14  Barracks  
  62  7:17  Siege Tank  
  62  7:19  Marine x2  
  67  7:33  Command Center  
  67  7:34  Missile Turret x2  
  67  7:37  Marine  
  67  7:38  Missile Turret  
  67  7:41  Missile Turret  
  68  7:49  Siege Tank  
  68  8:07  Barracks Tech Lab, Barracks Reactor  
  68  8:10  Siege Tank  
  68  8:11  Siege Tank  
  69  8:25  Medivac  
  69  8:26  Medivac  
  69  8:27  Marine  
  74  8:44  Marine  
  54  8:55  Medivac x2  
  54  9:02  Marine  
  58  9:08  Command Center  
  59  9:11  Refinery x2, Missile Turret  
  59  9:12  SCV x2  
  59  9:16  Missile Turret  
  61  9:20  Marine  
  61  9:24  SCV x2  
  64  9:25  Medivac  
  66  9:33  Missile Turret  
  66  9:36  SCV x2  
  66  9:38  Missile Turret  
  68  9:42  Orbital Command  
  68  9:44  Armory  
  68  9:45  Supply Depot  
  68  9:46  Supply Depot  
  68  9:48  SCV x2  
  70  9:53  Medivac, Marine x5  
  70  9:55  Medivac  
  79  10:00  SCV x2  
  81  10:08  Cyclone x2  
  81  10:11  Marine x5  
  81  10:12  SCV  
  93  10:22  Medivac  
  95  10:29  Marine x5  
  95  10:32  SCV x3  
  103  10:38  Supply Depot  
  103  10:39  Supply Depot x2  
  103  10:46  Marine  
  104  11:01  Banshee x2  
  104  11:02  Thor x3  
  104  11:03  Marine x3  
  123  11:29  Marine x5  
  128  11:42  Combat Shields  
  128  11:43  Banshee  
  128  11:44  Medivac  
  128  11:45  Cloaking Field  
  133  11:47  Hyperflight Rotors  
  133  11:51  Thor, Marine x5  
  133  11:52  Thor  
  150  12:09  Marine  
  150  12:14  Medivac  
  153  12:29  Marine x4  
  157  12:35  Thor, Marine  
  164  12:40  Supply Depot x2  
  164  12:41  Supply Depot  
  164  12:47  Marine  
  165  12:56  Hi-Sec Auto Tracking  
  165  13:01  Thor x2, Marine x2  
  179  13:18  Thor  
  183  13:34  Marine  
  183  13:35  Marine x4  
  194  13:52  Marine x2  
  194  13:53  Marine  
Show
View Real Time Build Order
Export as new Build Order

Xingon Zerg - Winner!

Build Orders: Pool First 

Get SALT Encoding   

  12  0:14  Drone x2  
  12  0:19  Extractor  
  12  0:21  Drone  
  14  0:31  Overlord  
  14  0:51  Drone x2  
  16  1:00  Spawning Pool  
  16  1:03  Drone  
  16  1:15  Extractor  
  16  1:17  Drone  
  16  1:28  Drone  
  17  1:49  Zergling x4  
  17  1:51  Queen  
  21  1:54  Overlord  
  21  2:11  Zergling x2  
  22  2:39  Lair  
  22  2:43  Hatchery  
  21  2:45  Drone x3  
  24  3:22  Drone x3  
  24  3:23  Drone  
  28  3:37  Overlord  
  28  3:39  Queen  
  30  3:46  Spore Crawler  
  29  3:57  Drone x3, Spore Crawler  
  29  3:58  Drone x2  
  33  4:23  Hatchery  
  32  4:32  Spire  
  31  4:42  Drone x4  
  35  4:47  Drone  
  36  5:02  Drone x5  
  36  5:04  Drone  
  42  5:39  Queen  
  44  5:44  Drone x6  
  44  5:47  Overlord  
  50  5:55  Spore Crawler  
  49  5:59  Spine Crawler  
  49  6:01  Extractor  
  49  6:02  Drone  
  49  6:03  Drone x2  
  50  6:04  Extractor  
  49  6:15  Mutalisk  
  49  6:16  Mutalisk x3  
  57  6:19  Overlord x3  
  57  6:32  Drone  
  58  6:37  Spore Crawler  
  57  6:44  Zerg Flyer Weapons Level 1  
  57  6:47  Mutalisk x4  
  57  6:48  Mutalisk x3  
  71  6:55  Mutalisk x2  
  71  6:59  Metabolic Boost  
  75  7:21  Mutalisk x3  
  81  7:23  Overlord  
  81  7:24  Overlord x3  
  81  8:12  Mutalisk x5  
  85  8:13  Mutalisk x2  
  93  8:47  Mutalisk x4  
  101  9:23  Mutalisk x3  
  101  9:24  Mutalisk  
  107  9:26  Zergling x10  
  107  9:28  Overlord x2  
  107  9:29  Overlord x4  
  110  10:01  Mutalisk x2  
  110  10:02  Mutalisk x2  
  76  12:03  Mutalisk x6  
  76  12:04  Mutalisk x3  
  92  12:20  Zerg Flyer Armor Level 1  
  92  12:28  Mutalisk x3  
  96  12:43  Mutalisk x2  
  100  13:35  Hatchery  
  100  13:36  Extractor  
  100  13:38  Hatchery  
  71  13:56  Zergling x2  
  71  13:57  Zergling x12  
  71  13:58  Zergling x14  
Show
View Real Time Build Order
Export as new Build Order

Metasapien Zerg - Winner!

Build Orders: Pool First 

Get SALT Encoding   

  12  0:01  Drone  
  13  0:10  Drone  
  14  0:27  Spawning Pool  
  13  0:35  Overlord  
  13  0:40  Extractor  
  13  0:41  Drone  
  13  0:46  Drone  
  14  0:54  Drone  
  15  1:01  Drone  
  16  1:09  Drone  
  17  1:20  Drone  
  18  1:33  Hatchery  
  18  1:36  Drone  
  18  1:46  Metabolic Boost  
  18  1:48  Drone  
  19  2:02  Drone x2  
  21  2:12  Overlord  
  21  2:30  Hatchery  
  21  2:33  Queen  
  22  2:38  Extractor  
  21  2:45  Queen  
  21  2:49  Drone  
  24  3:04  Drone  
  25  3:06  Drone x3  
  28  3:17  Drone  
  28  3:19  Extractor  
  28  3:30  Drone x2  
  30  3:35  Queen  
  32  3:42  Drone  
  32  3:44  Drone  
  32  3:48  Drone x5  
  38  3:52  Overlord  
  40  4:02  Drone  
  40  4:04  Drone  
  40  4:05  Drone  
  40  4:08  Extractor  
  41  4:14  Drone  
  42  4:18  Drone  
  42  4:20  Drone x2  
  42  4:21  Drone  
  46  4:29  Roach Warren  
  45  4:31  Lair  
  45  4:40  Evolution Chamber  
  45  4:41  Drone x3  
  45  4:45  Drone x2  
  49  4:46  Overlord x2  
  49  4:53  Overlord, Drone  
  49  4:57  Extractor  
  49  5:03  Extractor  
  48  5:08  Drone x2  
  48  5:09  Drone x3  
  48  5:12  Zergling x6  
  48  5:13  Zergling x4  
  60  5:14  Roach x4  
  60  5:18  Zerg Ground Armor Level 1  
  66  5:21  Drone x2  
  66  5:22  Drone  
  66  5:26  Drone  
  66  5:28  Overlord x3  
  70  5:34  Glial Reconstitution  
  70  5:40  Hydralisk Den  
  69  5:43  Infestation Pit  
  68  5:51  Drone x2, Spore Crawler  
  68  5:52  Drone  
  68  5:53  Drone x3  
  73  6:01  Drone, Spore Crawler  
  73  6:03  Drone x3  
  76  6:14  Evolution Chamber  
  76  6:18  Evolution Chamber  
  74  6:23  Queen x2  
  74  6:25  Hydralisk x2  
  80  6:26  Overlord x2  
  80  6:27  Overlord x4  
  82  6:33  Drone  
  82  6:34  Drone x2  
  85  6:45  Spore Crawler  
  85  6:46  Drone, Extractor, Hatchery  
  83  6:47  Drone  
  83  6:50  Zerg Missile Weapons Level 1  
  84  6:54  Hydralisk x4  
  84  6:55  Hydralisk x4  
  84  6:59  Overseer  
  100  7:01  Overseer  
  100  7:20  Hive  
  100  7:21  Pneumatized Carapace  
  100  7:26  Zerg Melee Weapons Level 1  
  100  7:27  Zerg Ground Armor Level 2  
  100  7:37  Drone x2, Spore Crawler  
  101  7:47  Nydus Network, Hydralisk x3  
  101  7:48  Roach x2, Hydralisk x4  
  101  7:49  Roach x5  
  128  8:02  Drone, Queen  
  131  8:11  Drone x3  
  131  8:12  Drone x4  
  138  8:14  Overlord x5  
  138  8:35  Nydus Canal  
  138  8:47  Overlord  
  138  8:48  Overlord  
  138  8:49  Overlord  
  138  8:53  Nydus Canal  
  138  9:06  Roach, Hydralisk x4  
  138  9:07  Roach x3, Hydralisk x3  
  138  9:08  Roach  
  162  9:28  Hydralisk x3  
  162  9:29  Roach x4, Hydralisk x4  
  162  9:30  Roach x2  
  188  9:32  Zerg Missile Weapons Level 2, Zerg Melee Weapons Level 2  
  188  9:39  Adrenal Glands  
  188  9:40  Tunneling Claws  
  188  9:42  Muscular Augments  
  169  10:24  Extractor  
  169  10:25  Drone x2  
  169  10:26  Drone x2  
  172  10:29  Roach x2, Hydralisk x2  
  172  10:30  Roach x2  
  184  10:37  Burrow, Ultralisk Cavern  
  183  10:47  Spine Crawler x2  
  181  10:50  Spine Crawler  
  181  10:51  Spine Crawler  
  179  10:57  Nydus Canal  
  179  11:09  Hydralisk  
  179  11:10  Roach, Hydralisk x4  
  179  11:11  Roach x4  
  131  12:02  Infestor  
  131  12:03  Ultralisk x2  
  131  12:04  Ultralisk  
  131  12:06  Zergling x22  
  131  12:07  Zergling x2  
  159  12:28  Hatchery x2  
  129  12:37  Hydralisk x3  
  129  12:38  Hydralisk x2, Roach x4  
  129  12:42  Ultralisk  
  146  12:57  Overlord  
  146  12:58  Overlord x2  
  123  13:26  Hydralisk x2  
  123  13:27  Hydralisk x6  
  123  13:28  Hydralisk x7  
  123  13:31  Overseer x2  
  153  13:41  Zergling x14  
  154  13:48  Drone x3  
  163  14:01  Extractor  
  165  14:02  Drone  
  165  14:03  Drone  
  165  14:05  Extractor  
  165  14:07  Extractor  
  164  14:10  Extractor  
Tags
 
Add a new tag
Caveats
  • Supply blocks, unpowered buildings, or Contaminate may cause inaccurate times.
  • Supply counts are checked every 10 seconds.